| TOP OF THE 1ST |
|
Delmarva Shorebirds batting - Pitching for Burlington Bees : RHP Jon Trujillo
|
|
Pitching: RHP Jon Trujillo
|
|
|
Batting: RHB Josh Hopp
|
0-0: Ball 1-0: Ground out 4-3 (Groundball, 4, EV 105.6 MPH)
|
|
Batting: LHB Sam Williams
|
0-0: Foul Ball, location: 2F 0-1: Called Strike 0-2: Ball 1-2: Ball 2-2: Ball 3-2: Base on Balls
|
|
Batting: LHB Vinny Rivera
|
0-0: Called Strike 0-1: Ball 1-1: SINGLE (Groundball, P, EV 81.9 MPH) (infield hit) Sam Williams to second
|
|
Batting: RHB Minoru Matsumoto
|
0-0: Ball 1-0: Called Strike 1-1: Fielders Choice at 2nd, 6-4 (Groundball, 56, EV 108.1 MPH) Sam Williams to third
|
|
Batting: SHB Eric Kelley
|
0-0: Ball Wild Pitch! Sam Williams scores Minoru Matsumoto to second 1-0: Foul Ball, location: 2F 1-1: Ball 2-1: Ball 3-1: Base on Balls
|
|
Batting: RHB Carlos Teniente
|
0-0: Ball 1-0: Called Strike 1-1: Swinging Strike 1-2: Foul Ball, location: 2F 1-2: Ball 2-2: Fly out, F1 (Line Drive, P, EV 71.9 MPH)
|
| Top of the 1st over - 1 run, 1 hit, 0 errors, 2 left on base; Delmarva 1 - Burlington 0 |
| BOTTOM OF THE 1ST |
|
Burlington Bees batting - Pitching for Delmarva Shorebirds : LHP Jason Williams
|
|
Pitching: LHP Jason Williams
|
|
|
Batting: RHB Peter Westover
|
0-0: Swinging Strike 0-1: Swinging Strike 0-2: Strikes out looking
|
|
Batting: RHB Joe Hewitt
|
0-0: Ball 1-0: Ball 2-0: Foul Ball, location: 2F 2-1: Ground out 4-3 (Groundball, 4, EV 83.8 MPH)
|
|
Batting: RHB Juan Rosa
|
0-0: DOUBLE (Groundball, 5L, EV 101.9 MPH)
|
|
Batting: RHB Dan Burkhart
|
0-0: Called Strike 0-1: Ball 1-1: Swinging Strike 1-2: Ball 2-2: Foul Ball, location: 2F 2-2: Ball 3-2: Fly out, F9 (Flyball, 9, EV 94.4 MPH)
|
| Bottom of the 1st over - 0 runs, 1 hit, 0 errors, 1 left on base; Delmarva 1 - Burlington 0 |
| TOP OF THE 2ND |
|
Delmarva Shorebirds batting - Pitching for Burlington Bees : RHP Jon Trujillo
|
|
Batting: RHB Matthew Neal
|
0-0: Called Strike 0-1: Foul Ball, location: 2F 0-2: Ball 1-2: Strikes out swinging
|
|
Batting: RHB Ruben Domingues
|
0-0: Ball 1-0: DOUBLE (Flyball, 78D, EV 93.1 MPH)
|
|
Batting: RHB Juan Eyrich
|
0-0: Foul Ball, location: 2F 0-1: Ball 1-1: Ball 2-1: Ground out 4-3 (Groundball, 4S, EV 88.8 MPH) Ruben Domingues to third
|
|
Batting: RHB Josh Hopp
|
0-0: Ball 1-0: Ball 2-0: Foul Ball, location: 2F 2-1: SINGLE (Groundball, 56S, EV 69.4 MPH) (infield hit) Ruben Domingues scores
|
|
Batting: LHB Sam Williams
|
0-0: Ball Josh Hopp steals 2nd base (no throw) 1-0: Called Strike 1-1: Ball 2-1: Foul Ball, location: 2F 2-2: Strikes out swinging, 2-3 out at first.
|
| Top of the 2nd over - 1 run, 2 hits, 0 errors, 1 left on base; Delmarva 2 - Burlington 0 |
| BOTTOM OF THE 2ND |
|
Burlington Bees batting - Pitching for Delmarva Shorebirds : LHP Jason Williams
|
|
Batting: LHB Ramon Garduno
|
0-0: Ball 1-0: Ball 2-0: Called Strike 2-1: Foul Ball, location: 2F 2-2: Ball 3-2: Strikes out swinging
|
|
Batting: RHB Arnaud Derosiers
|
0-0: SINGLE (Groundball, 6D, EV 100.0 MPH)
|
|
Batting: RHB Davey Verhoog
|
0-0: Ball 1-0: Ball 2-0: Swinging Strike 2-1: Foul Ball, location: 2F 2-2: Fly out, F8 (Flyball, 8LM, EV 96.9 MPH)
|
|
Batting: RHB David Rhodes
|
0-0: Called Strike 0-1: Called Strike 0-2: Ball 1-2: Ball 2-2: Foul Ball, location: 2F 2-2: Ground out 4-3 (Groundball, 4S, EV 86.2 MPH)
|
| Bottom of the 2nd over - 0 runs, 1 hit, 0 errors, 1 left on base; Delmarva 2 - Burlington 0 |
| TOP OF THE 3RD |
|
Delmarva Shorebirds batting - Pitching for Burlington Bees : RHP Jon Trujillo
|
|
Batting: LHB Vinny Rivera
|
0-0: Called Strike 0-1: Swinging Strike 0-2: Fly out, F4 (Popup, 34D, EV 49.4 MPH)
|
|
Batting: RHB Minoru Matsumoto
|
0-0: Called Strike 0-1: Ground out 5-3 (Groundball, 56, EV 88.8 MPH)
|
|
Batting: SHB Eric Kelley
|
0-0: SINGLE (Line Drive, 4D, EV 106.9 MPH)
|
|
Batting: RHB Carlos Teniente
|
Pickoff Throw to First - Out! 1-3 CS
|
| Top of the 3rd over - 0 runs, 1 hit, 0 errors, 0 left on base; Delmarva 2 - Burlington 0 |
| BOTTOM OF THE 3RD |
|
Burlington Bees batting - Pitching for Delmarva Shorebirds : LHP Jason Williams
|
|
Batting: LHB Alberto Carrillo
|
0-0: Called Strike 0-1: Ball 1-1: Foul Ball, location: 2F 1-2: Foul Ball, location: 2F 1-2: Ball 2-2: Foul Ball, location: 2F 2-2: Foul Ball, location: 2F 2-2: Ball 3-2: Base on Balls
|
|
Batting: RHB Peter Westover
|
0-0: Ball 1-0: Called Strike 1-1: Foul Ball, location: 2F 1-2: Foul Ball, location: 2F 1-2: Ball 2-2: Foul Ball, location: 2F 2-2: Fielders Choice at 2nd, 6-4 (Groundball, 6, EV 81.9 MPH)
|
|
Batting: RHB Joe Hewitt
|
0-0: Fielders Choice at 2nd, 6-4 (Groundball, 6, EV 91.9 MPH)
|
|
Batting: RHB Juan Rosa
|
0-0: Ball 1-0: Ball 2-0: Foul Ball, location: 2F 2-1: Called Strike 2-2: Strikes out swinging
|
| Bottom of the 3rd over - 0 runs, 0 hits, 0 errors, 1 left on base; Delmarva 2 - Burlington 0 |
| TOP OF THE 4TH |
|
Delmarva Shorebirds batting - Pitching for Burlington Bees : RHP Jon Trujillo
|
|
Batting: RHB Carlos Teniente
|
0-0: Swinging Strike 0-1: Ball 1-1: Called Strike 1-2: Foul Ball, location: 2F 1-2: Ball 2-2: Strikes out swinging
|
|
Batting: RHB Matthew Neal
|
0-0: SINGLE (Line Drive, 89S, EV 96.2 MPH)
|
|
Batting: RHB Ruben Domingues
|
0-0: Fielders Choice at 2nd, 5-4 (Groundball, 5, EV 81.9 MPH)
|
|
Batting: RHB Juan Eyrich
|
0-0: Ball Ruben Domingues steals 2nd base 1-0: Ball 2-0: Ball 3-0: Foul Ball, location: 2F 3-1: Ground out U3 (Groundball, 34, EV 84.4 MPH)
|
| Top of the 4th over - 0 runs, 1 hit, 0 errors, 1 left on base; Delmarva 2 - Burlington 0 |
| BOTTOM OF THE 4TH |
|
Burlington Bees batting - Pitching for Delmarva Shorebirds : LHP Jason Williams
|
|
Batting: RHB Dan Burkhart
|
0-0: Called Strike 0-1: Ball 1-1: Ball 2-1: Ground out 5-3 (Groundball, 56, EV 88.8 MPH)
|
|
Batting: LHB Ramon Garduno
|
0-0: Called Strike 0-1: Ball 1-1: Foul Ball, location: 2F 1-2: SINGLE (Flyball, 4MD, EV 91.9 MPH)
|
|
Batting: RHB Arnaud Derosiers
|
0-0: Called Strike 0-1: Ball 1-1: Foul Ball, location: 2F 1-2: Grounds into double play, 4-6-3 (Groundball, 4M, EV 101.9 MPH)
|
| Bottom of the 4th over - 0 runs, 1 hit, 0 errors, 0 left on base; Delmarva 2 - Burlington 0 |
| TOP OF THE 5TH |
|
Delmarva Shorebirds batting - Pitching for Burlington Bees : RHP Jon Trujillo
|
|
Batting: RHB Josh Hopp
|
0-0: Called Strike 0-1: Fly out, F9 (Line Drive, 9S, EV 92.5 MPH)
|
|
Batting: LHB Sam Williams
|
0-0: Called Strike 0-1: Ground out U3 (Groundball, 3S, EV 80.0 MPH)
|
|
Batting: LHB Vinny Rivera
|
0-0: Ground out 3-1 (Groundball, 34, EV 103.8 MPH)
|
| Top of the 5th over - 0 runs, 0 hits, 0 errors, 0 left on base; Delmarva 2 - Burlington 0 |
| BOTTOM OF THE 5TH |
|
Burlington Bees batting - Pitching for Delmarva Shorebirds : LHP Jason Williams
|
|
Batting: RHB Davey Verhoog
|
0-0: Swinging Strike 0-1: Ball 1-1: Ball 2-1: Ball 3-1: Ground out 4-3 (Groundball, 4MS, EV 81.9 MPH)
|
|
Batting: RHB David Rhodes
|
0-0: Ball 1-0: Fly out, F9 (Flyball, 9LMF, EV 79.4 MPH)
|
|
Batting: LHB Alberto Carrillo
|
0-0: Called Strike 0-1: Foul Ball, location: 2F 0-2: Ball 1-2: DOUBLE (Flyball, 89D, EV 99.4 MPH)
|
|
Batting: RHB Peter Westover
|
0-0: Ball 1-0: Called Strike 1-1: Foul Ball, location: 2F 1-2: Ball 2-2: Strikes out swinging
|
| Bottom of the 5th over - 0 runs, 1 hit, 0 errors, 1 left on base; Delmarva 2 - Burlington 0 |
| TOP OF THE 6TH |
|
Delmarva Shorebirds batting - Pitching for Burlington Bees : RHP Jon Trujillo
|
|
Batting: RHB Minoru Matsumoto
|
0-0: Called Strike 0-1: Ball 1-1: Ball 2-1: Swinging Strike 2-2: Ground out 6-3 (Groundball, 6, EV 101.9 MPH)
|
|
Batting: SHB Eric Kelley
|
0-0: Called Strike 0-1: Called Strike 0-2: Strikes out swinging, 2-3 out at first.
|
|
Batting: RHB Carlos Teniente
|
0-0: Ball 1-0: SINGLE (Groundball, 25, EV 70.6 MPH) (infield hit)
|
|
Batting: RHB Matthew Neal
|
0-0: Called Strike 0-1: Foul Ball, location: 2F 0-2: Ball 1-2: Foul Ball, location: 2F 1-2: Strikes out swinging
|
| Top of the 6th over - 0 runs, 1 hit, 0 errors, 1 left on base; Delmarva 2 - Burlington 0 |
| BOTTOM OF THE 6TH |
|
Burlington Bees batting - Pitching for Delmarva Shorebirds : LHP Jason Williams
|
|
Batting: RHB Joe Hewitt
|
0-0: Ball 1-0: Ball 2-0: Ball 3-0: Base on Balls
|
|
Batting: RHB Juan Rosa
|
0-0: Ball 1-0: Called Strike 1-1: Called Strike Joe Hewitt is caught stealing 2nd base 2-4 1-2: Ground out 5-3 (Groundball, 5, EV 107.5 MPH)
|
|
Batting: RHB Dan Burkhart
|
0-0: Foul Ball, location: 2F 0-1: Fly out, F9 (Flyball, 89D, EV 97.5 MPH)
|
| Bottom of the 6th over - 0 runs, 0 hits, 0 errors, 0 left on base; Delmarva 2 - Burlington 0 |
| TOP OF THE 7TH |
|
Delmarva Shorebirds batting - Pitching for Burlington Bees : RHP Jon Trujillo
|
|
Batting: RHB Ruben Domingues
|
0-0: Ball 1-0: SINGLE (Groundball, 34D, EV 96.2 MPH)
|
|
Batting: RHB Juan Eyrich
|
0-0: Ball 1-0: Ball 2-0: Bunted foul 2-1: Bunted foul 2-2: Ground out 4-3 (Groundball, 4MD, EV 83.1 MPH) Ruben Domingues to second
|
|
Pitching: RHP Eli Mercedes
|
|
|
Batting: RHB Josh Hopp
|
0-0: Called Strike 0-1: Ball 1-1: Foul Ball, location: 2F 1-2: Ground out U3 (Groundball, 34, EV 85.6 MPH) Ruben Domingues to third
|
|
Batting: LHB Sam Williams
|
0-0: Ball 1-0: Ball 2-0: Ball 3-0: Called Strike 3-1: Base on Balls
|
|
Batting: LHB Vinny Rivera
|
0-0: Foul Ball, location: 2F 0-1: Ball 1-1: Called Strike 1-2: Ball 2-2: Fly out, F8 (Flyball, 8RM, EV 76.2 MPH)
|
| Top of the 7th over - 0 runs, 1 hit, 0 errors, 2 left on base; Delmarva 2 - Burlington 0 |
| BOTTOM OF THE 7TH |
|
Burlington Bees batting - Pitching for Delmarva Shorebirds : LHP Jason Williams
|
|
Pitching: LHP Lawson Noseworthy
|
|
|
Batting: LHB Ramon Garduno
|
0-0: Called Strike 0-1: Swinging Strike 0-2: Ball 1-2: Strikes out looking
|
|
Batting: RHB Arnaud Derosiers
|
0-0: Ground out 4-3 (Groundball, 4, EV 87.5 MPH)
|
|
Batting: RHB Davey Verhoog
|
0-0: Called Strike 0-1: Called Strike 0-2: Fly out, F9 (Flyball, 9, EV 96.9 MPH)
|
| Bottom of the 7th over - 0 runs, 0 hits, 0 errors, 0 left on base; Delmarva 2 - Burlington 0 |
| TOP OF THE 8TH |
|
Delmarva Shorebirds batting - Pitching for Burlington Bees : RHP Eli Mercedes
|
|
Batting: RHB Minoru Matsumoto
|
0-0: Ball 1-0: Ball 2-0: Ball 3-0: Called Strike 3-1: Foul Ball, location: 2F 3-2: Base on Balls
|
|
Batting: SHB Eric Kelley
|
0-0: Ground out 4-3 (Groundball, 34, EV 95.6 MPH) Minoru Matsumoto to second
|
|
Batting: RHB Carlos Teniente
|
0-0: Called Strike Minoru Matsumoto steals 3rd base 0-1: Ball 1-1: Fly out, F8 (Line Drive, 8RM, EV 91.2 MPH) Runner from 3rd tags up, SCORES, no throw by CF
|
|
Batting: RHB Matthew Neal
|
0-0: Called Strike 0-1: Ground out 5-3 (Groundball, 56S, EV 71.9 MPH)
|
| Top of the 8th over - 1 run, 0 hits, 0 errors, 0 left on base; Delmarva 3 - Burlington 0 |
| BOTTOM OF THE 8TH |
|
Burlington Bees batting - Pitching for Delmarva Shorebirds : LHP Lawson Noseworthy
|
|
Batting: RHB David Rhodes
|
0-0: Swinging Strike 0-1: Ball 1-1: Called Strike 1-2: Ball 2-2: Foul Ball, location: 2F 2-2: Strikes out swinging
|
|
Pinch Hitting: RHB Dean LeCroy
|
0-0: Ball 1-0: Ball 2-0: Called Strike 2-1: Swinging Strike 2-2: Ball 3-2: Strikes out swinging
|
|
Batting: RHB Peter Westover
|
0-0: SINGLE (Groundball, 34D, EV 100.6 MPH)
|
|
Batting: RHB Joe Hewitt
|
0-0: Called Strike 0-1: Ball 1-1: Called Strike 1-2: Strikes out swinging
|
| Bottom of the 8th over - 0 runs, 1 hit, 0 errors, 1 left on base; Delmarva 3 - Burlington 0 |
| TOP OF THE 9TH |
|
Delmarva Shorebirds batting - Pitching for Burlington Bees : RHP Eli Mercedes
|
|
Now in RF: Dean LeCroy
|
|
|
Batting: RHB Ruben Domingues
|
0-0: Swinging Strike 0-1: Swinging Strike 0-2: Foul Ball, location: 2F 0-2: Strikes out swinging
|
|
Batting: RHB Juan Eyrich
|
0-0: Foul Ball, location: 2F 0-1: Swinging Strike 0-2: Ball 1-2: Foul Ball, location: 2F 1-2: SINGLE (Groundball, 4MS, EV 68.8 MPH) (infield hit)
|
|
Batting: RHB Josh Hopp
|
0-0: Called Strike 0-1: Called Strike 0-2: DOUBLE (Flyball, 78XD, EV 115.6 MPH) Juan Eyrich to third Runner from 3rd tries for Home, SAFE, throw by LF to trailing runner, SAFE at third!
|
|
Batting: LHB Sam Williams
|
0-0: Reached on error, E8 (Line Drive, 8RM, EV 90.6 MPH) Josh Hopp scores
|
|
Batting: LHB Vinny Rivera
|
0-0: Ball 1-0: Ball 2-0: Ball 3-0: Base on Balls Sam Williams to second
|
|
Batting: RHB Minoru Matsumoto
|
0-0: Foul Ball, location: 2F 0-1: Fly out, F3 (Popup, 3, EV 65.0 MPH)
|
|
Pitching: RHP Kennie Williams
|
|
|
Batting: SHB Eric Kelley
|
0-0: Ball 1-0: Ball 2-0: Foul Ball, location: 2F 2-1: Foul Ball, location: 2F 2-2: SINGLE (Groundball, 6, EV 94.4 MPH) Sam Williams to third Vinny Rivera to second
|
|
Batting: RHB Carlos Teniente
|
0-0: Ball 1-0: Swinging Strike 1-1: Foul Ball, location: 2F 1-2: Ball 2-2: Foul Ball, location: 2F 2-2: Strikes out swinging
|
| Top of the 9th over - 2 runs, 3 hits, 1 error, 3 left on base; Delmarva 5 - Burlington 0 |
| BOTTOM OF THE 9TH |
|
Burlington Bees batting - Pitching for Delmarva Shorebirds : LHP Lawson Noseworthy
|
|
Batting: RHB Juan Rosa
|
0-0: Ground out 1-3 (Groundball, 15S, EV 68.1 MPH)
|
|
Batting: RHB Dan Burkhart
|
0-0: Called Strike 0-1: Ball 1-1: Foul Ball, location: 2F 1-2: Foul Ball, location: 2F 1-2: Ball 2-2: Ball 3-2: Strikes out looking
|
|
Batting: LHB Ramon Garduno
|
0-0: Foul Ball, location: 2F 0-1: Called Strike 0-2: DOUBLE (Flyball, 8LXD, EV 110.0 MPH)
|
|
Pitching: RHP Manny Saldana
|
|
|
Batting: RHB Arnaud Derosiers
|
0-0: Ball 1-0: SINGLE (Line Drive, 4M, EV 106.2 MPH) Ramon Garduno to third
|
|
Batting: RHB Davey Verhoog
|
0-0: Swinging Strike 0-1: Ball 1-1: Fly out, F7 (Flyball, 78S, EV 76.9 MPH)
|
| Bottom of the 9th over - 0 runs, 2 hits, 0 errors, 2 left on base; Delmarva 5 - Burlington 0 |
|